 Dungeon Crawl Stone Soup version 0.20.1-1-g8b1a95d (webtiles) character file.

243 schets the Ruffian (level 5, 0/54 HPs)
             Began as a Troll Monk on Nov 7, 2017.
             Slain by an orc wizard
             ... wielding a +0 dagger
              (6 damage)
             ... on level 3 of the Dungeon on Nov 8, 2017.
             The game lasted 00:05:26 (2716 turns).

schets the Ruffian (Troll Monk)                     Turns: 2716, Time: 00:05:26

Health: 0/54       AC:  7    Str: 19      XL:     5   Next: 82%
Magic:  4/4        EV: 10    Int:  6      God:
Gold:   156        SH:  0    Dex: 11 (13) Spells: 4/4 levels left

rFire    . . .     SeeInvis .     - Unarmed
rCold    . . .     Gourm    +   (no shield)
rNeg     . . .     Faith    .   a - +1 robe
rPois    .         Spirit   .   (helmet restricted)
rElec    .         Reflect  .   k - +0 cloak
rCorr    .         Harm     .   (gloves unavailable)
MR       .....                  (boots unavailable)
Stlth    +.........             g - amulet of inaccuracy (curse)
Regen    0.6/turn               (no ring)
MPRegen  0.1/turn               (no ring)

@: no status effects
A: unfitting armour, claws 3, fast metabolism 3, gourmand, regeneration 1,
shaggy fur 1, tough skin 2
a: no special abilities


You were on level 3 of the Dungeon.
You were not hungry.

You visited 1 branch of the dungeon, and saw 4 of its levels.

You collected 156 gold pieces.

Inventory:

Armour
 a - a +1 robe (worn)
 k - a +0 cloak (worn)
Jewellery
 g - a cursed amulet of inaccuracy (around neck)
Wands
 i - a wand of digging (12/24)
Scrolls
 l - a scroll of amnesia
 n - a scroll of enchant weapon
Potions
 c - a potion of brilliance {unknown}
 d - 2 potions of magic {unknown}
 e - a potion of flight {unknown}
 f - a potion of haste {unknown}
 h - a potion of ambrosia {unknown}
 j - a potion of heal wounds {unknown}
 m - a potion of resistance {unknown}
 q - 3 potions of curing {unknown}
 r - a potion of agility {unknown}
Comestibles
 b - 4 bread rations
 o - 4 fruits


   Skills:
 + Level 4.2 Fighting
 - Level 2.4 Dodging
 - Level 1.0 Stealth
 + Level 5.0 Unarmed Combat


You had 4 spell levels left.
You didn't know any spells.

Dungeon Overview and Level Annotations

Branches:
Dungeon (4/15)
 Temple: D:4-7

Altars:
Dithmenos
Uskayaw

Annotations:
D:3 Robin


Innate Abilities, Weirdness & Mutations

You are too large for most types of armour.
You have claws for hands.
Your metabolism is lightning-fast.
You like to eat raw meat.
Your natural rate of healing is unusually fast.
You are covered in fur. (AC +1)
You have very tough skin. (AC +2)


Message History

The puff of flame hits you!
* * * LOW HITPOINT WARNING * * *
You miss the orc wizard. The orc wizard casts a spell at you.
The puff of flame hits you!
* * * LOW HITPOINT WARNING * * *
The orc wizard hits you but does no damage.
You bump into the rock wall.
The orc wizard gestures at you while chanting.
The magic dart hits you!
* * * LOW HITPOINT WARNING * * *
The orc wizard misses you.
You scratch the orc wizard.
The orc wizard is severely wounded.
The orc wizard barely misses you. The orc wizard hits you with a dagger.
* * * LOW HITPOINT WARNING * * *
You bump into the rock wall.
You feel less confused. The orc wizard hits you with a dagger.
You die...

.....####..(.#.........##........
.....#....##'#...........####....
#.........#................##....
#.........#................##....
#.........#................###...
#.........#......####......# #...
.................##........# #...
#.........#......##.#......# #...
#.........#....o@##.#......# #...
#.........#...)o.##.#......# ####
#.....#####)#######........#
#.....# #.....# #####'####
....### #######.# #.# #####
#.......# #.# #.####### #.# #.#
#.# #.# #.#


You could see 2 orc wizards.

Vanquished Creatures
  A quasit (D:3)
  Crazy Yiuf (D:3)
  A hound skeleton (D:3)
  6 adders
  An ooze (D:1)
  4 dart slugs
  2 worms
  2 leopard geckos
  An orc (D:3)
  9 bats
  3 giant cockroaches
  15 goblins
  14 hobgoblins
  10 jackals
  3 quokkas
  7 frilled lizards
  5 kobolds
  A leopard gecko skeleton (D:4)
  6 rats
92 creatures vanquished.

Notes
Turn   | Place    | Note
-------+----------+-------------------------------------------
     0 | D:1      | schets the Troll Monk began the quest for the Orb.
     0 | D:1      | Reached XP level 1. HP: 22/22 MP: 0/0
    55 | D:1      | Reached XP level 2. HP: 24/29 MP: 1/1
   274 | D:1      | Reached XP level 3. HP: 37/37 MP: 2/2
   708 | D:2      | Reached skill level 4 in Unarmed Combat
   777 | D:2      | Reached XP level 4. HP: 42/45 MP: 3/3
   900 | D:2      | Found a hide-covered altar of Uskayaw.
  1528 | D:3      | Found a shadowy altar of Dithmenos.
  1569 | D:3      | Reached XP level 5. HP: 54/54 MP: 4/4
  1752 | D:3      | Found a runed door.
  1968 | D:3      | Noticed Robin
  2351 | D:3      | Noticed Crazy Yiuf
  2357 | D:3      | Killed Crazy Yiuf
  2436 | D:3      | Reached skill level 5 in Unarmed Combat
  2716 | D:3      | Slain by an orc wizard

Skill      XL: |  1  2  3  4  5 |
---------------+----------------+-----
Fighting       | 3 4 |  4.2
Unarmed Combat | 4 5 |  5.0
Dodging        | |  2.4
Stealth        | |  1.0

Action                   |  1- 3 |  4- 6 || total
-------------------------+-------+-------++-------
Melee: Unarmed           |   104 |   180 ||   284
       Punch             |       |     1 ||     1
  Use: Scroll            |       |     6 ||     6
 Stab: Sleeping          |     6 |       ||     6
  Eat: Chunk             |    12 |    11 ||    23
Armor: Robe              |    39 |    83 ||   122
Dodge: Dodged            |    49 |   119 ||   168
